 Dungeon Crawl Stone Soup version 0.17-a0-2208-ge5ab1d3 (webtiles) character file.

133 mrath the Chiller (level 5, -2/38 HPs)
             Began as a Merfolk Ice Elementalist on Oct 27, 2015.
             Killed by divine providence
             ... invoked by an orc priest
              (13 damage)
             ... on level 3 of the Dungeon.
             The game lasted 00:27:38 (3082 turns).

mrath the Chiller (Merfolk Ice Elementalist)        Turns: 3082, Time: 00:27:38

Health: -2/38      AC:  3    Str:  9    XL:     5   Next: 16%
Magic:  6/9        EV: 14    Int: 14    God:
Gold:   95         SH:  0    Dex: 15    Spells: 3 memorised, 4 levels left

rFire  . . .     SeeInvis .     m - +0 hunting sling (curse)
rCold  . . .     Clarity  .     a - +0 robe
rNeg   . . .     SustAt   .     (no shield)
rPois  .         Gourm    .     r - +0 helmet
rElec  .         Spirit   .     (no cloak)
rCorr  .         Warding  .     (no gloves)
rMut   .         Stasis   .     (no boots)
MR     .....                    (no amulet)
Stlth  ++........               (no ring)
                                (no ring)

@: very slightly contaminated, not resistant to hostile enchantments, unstealthy
A: change form in water, swift swim
a: no special abilities


You were on level 3 of the Dungeon.
You were not hungry.

You visited 1 branch of the dungeon, and saw 3 of its levels.

You collected 95 gold pieces.

Inventory:

Hand Weapons
 e - a +0 club
 l - a +0 dagger
 m - a cursed +0 hunting sling (weapon)
 t - a +0 whip
 w - a +0 war axe
Missiles
 h - 132 stones
 o - 8 javelins
 s - 16 sling bullets (quivered)
 y - 6 tomahawks
Armour
 a - a +0 robe (worn)
 r - a +0 helmet (worn)
 v - a +0 leather armour
Scrolls
 f - a scroll of remove curse {unknown}
 g - a scroll of noise {unknown}
 i - 4 scrolls of blinking {unknown}
 k - 2 scrolls of enchant armour {unknown}
 q - a scroll of fog {unknown}
 x - a scroll of enchant weapon {unknown}
Potions
 j - a potion of invisibility {unknown}
 n - 3 potions of poison {unknown}
 u - a potion of degeneration {unknown}
 z - 2 potions of curing {unknown}
Books
 b - a book of Frost

   Spells                             Type                      Level
   a - Freeze                         Ice                          1
   b - Throw Frost                    Conjuration/Ice              2
   c - Ozocubu's Armour               Charms/Ice                   3
   d - Throw Icicle                   Conjuration/Ice              4
   e - Summon Ice Beast               Ice/Summoning                4
   f - Condensation Shield            Ice                          4
Comestibles
 c - 3 bread rations
 d - 3 fruits
 p - 2 chunks of flesh


   Skills:
 + Level 2.1 Fighting
 + Level 3.9 Dodging
 - Level 2.1 Stealth
 + Level 3.0 Spellcasting
 - Level 0.7 Conjurations
 + Level 0.9 Charms
 + Level 4.1 Ice Magic


You had 4 spell levels left.
You knew the following spells:

 Your Spells              Type           Power        Failure   Level  Hunger
a - Freeze                Ice            ##..         4%          1    #......
b - Throw Frost           Conj/Ice       #.....       14%         2    ##.....
c - Ozocubu's Armour      Chrm/Ice       #.......     24%         3    ###....


Dungeon Overview and Level Annotations

Branches:
Dungeon (3/15)

Altars:
Qazlal


Message History

The adder bites you but does no damage.
Casting: Freeze
Confirm with . or Enter, or press ? or * to list all spells.
Aiming: Freeze
Press: ? - help, Shift-Dir - straight line, f/p - adder
Aim: an adder (heavily wounded, slow)
You freeze the adder.
The adder is almost dead.
The adder closely misses you.
Casting: Freeze
Confirm with . or Enter, or press ? or * to list all spells.
Aiming: Freeze
Press: ? - help, Shift-Dir - straight line, f/p - adder
Aim: an adder (almost dead, slow)
You miscast Freeze.
You are very lightly contaminated with residual magic.
Nothing appears to happen.
The orc priest calls down the wrath of Beogh upon you.
Something smites you!
You die...

#<##[.....##.#.##.........##....
#.##......##.#.##.........####.#
#.##......##.#.##.....###....o..
#.#####...##.#.##...o.# ####g#..
#.#..........#. #.....# #....
#.#.##########.##.g...#### ###..
#.#.# ................#####$.
#.#.# ####..S...............
#.#.# #####.@................
#.#.# #................).....
#.#.# #......................
#.#.# #......................
#.#.# #.<....................
#.#.# #.............#####....
#.#.# #.............# .... #.#.#
#.............# ... #.#.#
#.............# ..


You could see an orc priest, an adder and a hobgoblin.

Vanquished Creatures
  An orc priest (D:3)
  An orc wizard (D:3)
  Robin (D:2)
  An adder (D:2)
  3 giant geckos
  4 orcs (D:3)
  2 giant cockroaches (D:2)
  6 hobgoblins
  5 bats
  3 giant newts (D:1)
  18 goblins
  5 kobolds
  5 rats
55 creatures vanquished.

Notes
Turn   | Place    | Note
--------------------------------------------------------------
     0 | D:1      | mrath the Merfolk Ice Elementalist began the quest for the Orb.
     0 | D:1      | Reached XP level 1. HP: 13/13 MP: 3/3
   726 | D:1      | Reached XP level 2. HP: 19/19 MP: 1/5
  1007 | D:1      | Learned a level 2 spell: Throw Frost
  1010 | D:2      | Noticed Robin
  1439 | D:2      | Reached skill level 1 in Fighting
  1461 | D:2      | Reached XP level 3. HP: 26/26 MP: 3/6
  1893 | D:1      | HP: 1/26 [goblin[Robin] (3)]
  2314 | D:2      | Killed Robin
  2399 | D:2      | Reached skill level 4 in Ice Magic
  2399 | D:2      | Reached XP level 4. HP: 31/33 MP: 3/8
  2562 | D:3      | Learned a level 3 spell: Ozocubu's Armour
  2995 | D:3      | Found a faded altar to an unknown god.
  3046 | D:3      | Found a stormy altar of Qazlal.
  3064 | D:3      | Reached XP level 5. HP: 25/38 MP: 9/9
  3082 | D:3      | Killed from afar by an orc priest

Vault maps used:
D:1:      sevenhm_arrival_forest_fort_large_4, roderic_st_hans_cross
D:2:      minmay_misc_feat_chi, uniq_robin
D:3:      old_standard_altar, ecumenical_altar_1

Action                   |  1- 3 |  4- 6 || total
-------------------------+-------+-------++-------
Melee: Club              |     2 |       ||     2
 Fire: Hunting sling     |    32 |    23 ||    55
Throw: Stone             |     1 |       ||     1
 Cast: Freeze            |    42 |    11 ||    53
  Eat: Chunk             |     5 |     2 ||     7
